 Dungeon Crawl Stone Soup version 0.31.0-32-g396128a36d (webtiles) character file.

Game seed: 3398973123095138211

1344 ChadusMaximus the Summoner (level 8, -4/52 HPs)
             Began as a Barachi Summoner on Mar 11, 2024.
             Slain by a nameless horror (10 damage)
             ... created by miscasting Summon Lightning Spire
             ... on level 6 of the Dungeon.
             The game lasted 00:07:56 (6085 turns).

ChadusMaximus the Summoner (Barachi Summoner)       Turns: 6085, Time: 00:07:57

Health: -4/52      AC:  3    Str: 10    XL:     8   Next: 62%
Magic:  0/16       EV: 11    Int: 17    God:
Gold:   341        SH:  5    Dex: 13    Spells: 8/18 levels left

rFire   . . .        o - +7 hammer "Ycsaboh" {flame, ^Drain rElec rCorr SInv}
rCold   . . .        e - +0 buckler
rNeg    . . .        a - +0 robe
rPois   .            (no helmet)
rElec   +            q - +0 cloak
rCorr   +            (no gloves)
SInv    +            (no boots)
Will    .....        (no amulet)
Stlth   ++           (no ring)
HPRegen 0.28/turn    (no ring)
MPRegen 0.15/turn

%: no passive effects
@: unable to call your familiar, very slightly contaminated, slow
A: amphibious, slowness 1, strong legs 1, +LOS
a: Hop


You were on level 6 of the Dungeon.
You visited 1 branch of the dungeon, and saw 6 of its levels.

You collected 341 gold pieces.

Inventory:

Hand Weapons
 d - a +0 spear
 i - a +0 sling
 m - a +2 hammer of protection
 o - the +7 hammer "Ycsaboh" (weapon) {flame, ^Drain rElec rCorr SInv}
   (You found it on level 2 of the Dungeon)

   rElec:     It insulates you from electricity.
   SInv:      It lets you see invisible.
   rCorr:     It protects you from acid and corrosion.
   ^Drain:    It drains your maximum health when unequipped.
 p - a +4 quarterstaff of chaos
Armour
 a - a +0 robe (worn)
 e - a +0 buckler (worn)
 q - a +0 cloak (worn)
Jewellery
 j - an amulet of magic regeneration
 s - an amulet of reflection
Wands
 v - a wand of flame (23)
Scrolls
 f - a scroll of revelation {unknown}
 h - 2 scrolls of immolation {unknown}
 l - a scroll of amnesia
 n - a scroll of brand weapon {unknown}
 t - 2 scrolls of fear {unknown}
 w - a scroll of fog {unknown}
Potions
 b - 3 potions of magic
 c - a potion of degeneration {unknown}
 g - a potion of lignification {unknown}
 r - a potion of mutation {unknown}
 u - 2 potions of curing {unknown}
 x - a potion of resistance {unknown}


   Skills:
 - Level 2.1 Dodging
 - Level 1.7 Stealth
 + Level 5.1 Shields
 + Level 5.5 Spellcasting
 * Level 10.0 Summonings


You had 8 spell levels left.
You knew the following spells:

 Your Spells              Type           Power      Damage    Failure   Level
a - Summon Small Mammal   Summ           100%       N/A       1%          1
b - Call Canine Familiar  Summ           39%        N/A       1%          3
c - Call Imp              Summ           78%        N/A       1%          2
d - Summon Lightning Spi  Summ/Air       21%        N/A       24%         4

Your spell library contained the following spells:

 Spells                   Type           Power      Damage    Failure   Level
 Summon Blazeheart Golem  Fire/Summ      21%        N/A       24%         4
 Lesser Beckoning         Tloc           8%         N/A       28%         2
 Gell's Gravitas          Tloc           4%         N/A       50%         3
 Teleport Other           Tloc           4%         N/A       50%         3


Dungeon Overview and Level Annotations

Branches:
Dungeon (6/15)
 Temple: D:4-7

Altars:
Dithmenos
Qazlal
Sif Muna

Shops:
D:2 (:!   D:3 *


Innate Abilities, Weirdness & Mutations

You are amphibious.
You cover ground slowly.
You can hop short distances.
You have an extended range of vision and can be seen from far away.


Message History

The gnoll misses your bat. The gnoll closely misses your bat.
The nameless horror hits you!
Your inugami hits the nameless horror but does no damage.
Your bat hits the nameless horror but does no damage.
The gnoll barely misses your bat.
You thump the nameless horror! You burn the nameless horror.
The nameless horror is moderately damaged.
Your bat hits the nameless horror but does no damage.
Your bat completely misses the gnoll sergeant.
Your bat hits the gnoll sergeant but does no damage.
The gnoll hits your bat with a +0 flail!
Your bat dies!
Your bat's corpse disappears in a puff of smoke!
Your inugami hits the nameless horror. The nameless horror closely misses you.
The gnoll sergeant hits your inugami with a +0 spear!
Your inugami hits the gnoll sergeant.
The nameless horror hits you but does no damage.
Unknown command.
You barely miss the nameless horror.
The nameless horror is heavily damaged.
The gnoll closely misses your inugami.
Send 'em back where they came from!
Your inugami shudders.
Your lightning spire disappears in a puff of smoke!
Your inugami hits the gnoll sergeant.
Unknown command.
You barely miss the nameless horror.
The nameless horror is heavily damaged.
The gnoll barely misses your inugami.
The gnoll hits your inugami with a +0 flail!
Your inugami dies!
Your inugami disappears in a puff of smoke!
The nameless horror hits you!
You feel your power leaking away. You block the gnoll sergeant's attack.
The nameless horror hits you!
* * * LOW HITPOINT WARNING * * *
Unknown command.
There is a stone staircase leading down here.
Unknown command.
The nameless horror hits you!
You die...

###### .....#
.....
#######§.##
#..@Xggg..##.#
#.###g..§.....
# #.#.§.##.#
....$.#
##.......
##........
#.#.#### ...#
.###


You could see a nameless horror, a gnoll sergeant and 3 gnolls.

Vanquished Creatures
  2 ogres (D:5)
  2 scorpions
  A jelly (D:5)
  A hound (D:5)
  2 iguanas (D:5)
  A gnoll (D:5)
  2 adders
  A shadow imp (D:5)
  2 dart slugs (D:1)
  A ribbon worm (D:4)
  2 orcs (D:5)
  6 ball pythons
  6 bats
  9 endoplasms
  5 giant cockroaches
  9 goblins
  7 hobgoblins
  3 jackals
  8 kobolds
  5 quokkas
  4 frilled lizards
  5 rats
84 creatures vanquished.

Vanquished Creatures (collateral kills)
  A water moccasin (D:5)
  An ice beast (D:5)
  3 ogres
  Blork the orc (D:4)
  2 scorpions
  A bombardier beetle (D:4)
  A sleepcap (D:4)
  Crazy Yiuf (D:2)
  2 adders (D:2)
  7 gnolls
  5 orcs
  A giant cockroach (D:4)
  A hobgoblin (D:2)
  3 jackals (D:4)
  A quokka (D:4)
  A ball python (D:4)
  A frilled lizard (D:2)
  A kobold (D:2)
34 creatures vanquished.

Grand Total: 118 creatures vanquished

Notes
Turn   | Place    | Note
-------+----------+-------------------------------------------
     0 | D:1      | ChadusMaximus the Barachi Summoner began the quest for the
                  | Orb.
     0 | D:1      | Reached XP level 1. HP: 13/13 MP: 3/3
   174 | D:1      | Reached skill level 5 in Summonings
   269 | D:1      | Reached XP level 2. HP: 12/19 MP: 1/5
   507 | D:1      | You fall into a shaft and drop 1 floor!
   551 | D:2      | Found Apevotz's Book Boutique.
   580 | D:2      | Found Tavvedgh's Distillery.
   688 | D:2      | Reached XP level 3. HP: 20/24 MP: 6/6
   692 | D:2      | Learned a level 3 spell: Call Canine Familiar
   697 | D:2      | Learned a level 2 spell: Call Imp
   837 | D:2      | Reached skill level 1 in Shields
  1082 | D:2      | Found Xiruad's Antique Weapon Boutique.
  1124 | D:2      | Reached XP level 4. HP: 30/30 MP: 8/8
  1551 | D:1      | Reached skill level 6 in Summonings
  1820 | D:1      | Found a faded altar of an unknown god.
  1896 | D:2      | Found a runed translucent door.
  1897 | D:2      | Noticed Crazy Yiuf
  1898 | D:2      | Identified the +7 hammer "Ycsaboh" {flame, ^Drain rElec
                  | rCorr SInv}
  1913 | D:2      | Killed Crazy Yiuf
  1978 | D:3      | Reached XP level 5. HP: 23/35 MP: 9/9
  2197 | D:3      | Found a stormy altar of Qazlal.
  2496 | D:3      | Found Ramarov's Assorted Antiques.
  2608 | D:3      | Reached skill level 7 in Summonings
  2608 | D:3      | Reached XP level 6. HP: 25/41 MP: 11/11
  2981 | D:4      | Noticed Blork the orc
  2992 | D:4      | Killed Blork the orc
  3231 | D:4      | Found a shimmering blue altar of Sif Muna.
  3607 | D:4      | Reached skill level 8 in Summonings
  3607 | D:4      | Reached XP level 7. HP: 29/46 MP: 5/13
  3992 | D:4      | Learned a level 4 spell: Summon Lightning Spire
  3994 | D:5      | Entered Level 5 of the Dungeon
  4512 | D:5      | Reached skill level 9 in Summonings
  4512 | D:5      | Reached XP level 8. HP: 44/52 MP: 15/15
  4555 | D:5      | Reached skill level 5 in Spellcasting
  5277 | D:5      | Reached skill level 5 in Shields
  5628 | D:5      | Found a shadowy altar of Dithmenos.
  6071 | D:6      | Found the +8 arc blade {discharge, rElec}
  6076 | D:6      | Noticed a nameless horror
  6079 | D:6      | Reached skill level 10 in Summonings
  6085 | D:6      | Slain by a nameless horror

Illustrated notes

Levels and vault maps discovered:
D:1:      scummos_arrival_forest, layout_loops_ring,
          shapermc_ecumenical_altar_mp_urbaneastern
D:2:      layout_loops_ring, serial_shops, nicolae_shop_tiny_real_fake_doors,
          nicolae_shop_crystal, shop, nicolae_concentric_dashed_squares_wild,
          uniq_crazy_yiuf_cottage
D:3:      layout_basic, grunt_qazlal_sundering, serial_shops,
          nicolae_shop_overgrown_old_shop
D:4:      layout_basic, mainiacjoe_overflow_cross_hatched, uniq_blork_the_orc
D:5:      layout_layer_cave, kennysheep_little_box
D:6:      layout_loops_corners, minmay_temple_entry_mini_moons,
          portal_sewer_entry_c, nicolae_shop_overcharged_wands, uniq_sigmund,
          uniq_maggie, uniq_edmund, uniq_menkaure

Skill      XL: |  1  2  3  4  5  6  7  8 |
---------------+-------------------------+-----
Summonings     | 5 6 7 8 9 10 | 10.0
Shields        | 1 2 3 4 5 |  5.1
Spellcasting   | 3 4 5 |  5.5
Dodging        | |  2.1
Stealth        | |  1.7

Action                     |  1- 3 |  4- 6 |  7- 9 || total
---------------------------+-------+-------+-------++-------
  Melee: Spear             |    57 |       |       ||    57
         Mace              |       |    49 |    58 ||   107
   Fire: Sling             |    82 |    92 |       ||   174
   Cast: Summon Small Mamm |     9 |     6 |    14 ||    29
         Call Canine Famil |     2 |     8 |     7 ||    17
         Call Imp          |     2 |     8 |     5 ||    15
         Summon Lightning  |       |       |     3 ||     3
Ability: Hop               |       |     3 |     1 ||     4
    Use: Scroll            |       |       |     4 ||     4
         Potion            |       |       |     2 ||     2
   Stab: Sleeping          |       |     1 |     4 ||     5
         Distracted        |       |       |     1 ||     1
 Armour: Robe              |    53 |    65 |    48 ||   166
  Dodge: Dodged            |    49 |    54 |    40 ||   143
  Block: Buckler           |    17 |    30 |    19 ||    66
